 Dungeon Crawl Stone Soup version 0.28-a0-1087-gf3fc490d9d (webtiles) character file.

Game seed: 5904485343942339022

162 fragbeetle the Skirmisher (level 5, 0/54 HPs)
             Began as an Ogre Warper on Dec 10, 2021.
             Slain by a gnoll shaman (10 damage)
             ... on level 4 of the Dungeon.
             The game lasted 00:07:03 (3315 turns).

fragbeetle the Skirmisher (Ogre Warper)             Turns: 3315, Time: 00:07:04

Health: 0/54       AC:  3    Str: 15    XL:     5   Next: 43%
Magic:  2/8        EV: 14    Int: 16    God:
Gold:   55         SH:  0    Dex:  8    Spells: 4/9 levels left

rFire   . . .      SeeInvis .   g - +3 whip
rCold   . . .      Faith    .   (no shield)
rNeg    . . .      Spirit   .   b - +0 robe
rPois   .          Reflect  .   (helmet restricted)
rElec   .          Harm     .   (no cloak)
rCorr   .          Rampage  .   (gloves unavailable)
Will    .....                   (boots unavailable)
Stlth   +.........              (no amulet)
HPRegen 0.18/turn               l - +4 ring of evasion
MPRegen 0.11/turn               (no ring)

@: no status effects
A: large, unfitting armour, tough skin 1
a: no special abilities


You were on level 4 of the Dungeon.
You visited 1 branch of the dungeon, and saw 4 of its levels.

You collected 55 gold pieces.

Inventory:

Hand Weapons
 a - a +0 mace
 g - a +3 whip (weapon)
Missiles
 d - 5 boomerangs of dispersal (quivered)
Armour
 b - a +0 robe (worn)
Jewellery
 l - a +4 ring of evasion (left hand)
Scrolls
 c - a scroll of blinking
 e - a scroll of silence {unknown}
 f - 2 scrolls of identify {unknown}
 j - a scroll of immolation {unknown}
 k - a scroll of teleportation {unknown}
 n - a scroll of noise {unknown}
 p - a scroll of magic mapping {unknown}
Potions
 h - a potion of lignification {unknown}
 i - a potion of haste {unknown}
 m - a potion of cancellation {unknown}
 o - a potion of invisibility {unknown}
 q - a potion of resistance {unknown}


   Skills:
 * Level 4.3 Fighting
 + Level 3.1 Maces & Flails
 + Level 1.0 Throwing
 + Level 2.7 Dodging
 + Level 2.5 Spellcasting
 * Level 3.5 Translocations


You had 4 spell levels left.
You knew the following spells:

 Your Spells              Type           Power      Damage    Failure   Level
a - Blink                 Tloc           26%        N/A       7%          2
b - Gell's Gravitas       Tloc           13%        N/A       14%         3

Your spell library contained the following spells:

 Spells                   Type           Power      Damage    Failure   Level
 Apportation              Tloc           26%        N/A       4%          1
 Lesser Beckoning         Tloc           13%        N/A       14%         3
 Teleport Other           Tloc           13%        N/A       14%         3
 Animate Skeleton         Necr           4%         N/A       21%         1
 Summon Small Mammal      Summ           8%         N/A       21%         1
 Corpse Rot               Necr/Air       4%         N/A       30%         2
 Poisonous Vapours        Pois/Air       4%         N/A       30%         2
 Manifold Assault         Tloc           13%        N/A       78%         5


Dungeon Overview and Level Annotations

Branches:
Dungeon (4/15)
 Temple: D:4-7

Altars:
Kikubaaqudgha
Makhleb
Uskayaw

Shops:
D:1 !

Annotations:
D:2 Sigmund


Innate Abilities, Weirdness & Mutations

You are too large for most types of armour.
You have tough skin. (AC +1)


Message History

The gnoll shaman hits you with a +0 whip!
A gnoll comes into view. It is wielding a +0 halberd.
You barely miss the gnoll shaman.
The gnoll shaman is heavily wounded.
You hit the gnoll.
The gnoll is heavily wounded.
The gnoll closely misses you.
The gnoll shaman calls down the wrath of its god upon you.
You resist with some effort. The gnoll hits you with a +0 flail!
* * * LOW HITPOINT WARNING * * *
Casting: Gell's Gravitas (dangerous; 14% risk of failure)
Confirm with . or Enter, or press ? or * to list all spells.
Aiming: Gell's Gravitas (dangerous; 14% risk of failure)
Press: ? - help, Dir - move target, f - gnoll
Aim: a gnoll, wielding a +0 spear Gravity reorients around the gnoll.
The gnoll shaman collides with the gnoll!
The gnoll is severely wounded.
The gnoll shaman is severely wounded.
The gnoll collides with the gnoll!
The gnoll is moderately wounded.
The gnoll is severely wounded.
The gnoll closely misses you. The gnoll shaman closely misses you.
The gnoll barely misses you.
Casting: Gell's Gravitas (dangerous; 14% risk of failure)
Confirm with . or Enter, or press ? or * to list all spells.
Aiming: Gell's Gravitas (dangerous; 14% risk of failure)
Press: ? - help, Dir - move target, f/p - gnoll
Aim: a gnoll, wielding a +0 spear (moderately wounded) Gravity reorients around the gnoll.
The gnoll shaman collides with the gnoll!
The gnoll is almost dead.
The gnoll shaman is almost dead.
The gnoll collides with the gnoll!
The gnoll is heavily wounded.
You kill the gnoll!
Something collides with the gnoll!
The gnoll is severely wounded.
The gnoll hits you from afar with a +0 spear.
* * * LOW HITPOINT WARNING * * *
The gnoll shaman hits you with a +0 whip!
You die...

.......#
##'##############.
.......#
#.................
.......#
#......g..........
.......#
#......g..........
.......#
#.................
.......#
#))......(..######
#...#######
#g..........# ..
#...#.....#
#)#####.....#...
....#.....#
#g@...#######...
....'.....#
#...............
....#.....#
#...............
....#.....#
#..........).#
###.#.....##
#............#
..#........#
#............#
..#.######.##
#............#
..+.#≈≈≈≈'..#
#............##+#
..#.#≈._≈#..#
#................


You could see a gnoll shaman and a gnoll.

Vanquished Creatures
  An orc priest (D:3)
  2 adders (D:3)
  3 gnolls (D:4)
  A shadow imp (D:4)
  2 worms
  2 dart slugs
  6 orcs (D:3)
  5 ball pythons
  4 endoplasms
  4 giant cockroaches
  7 goblins
  7 hobgoblins
  7 jackals
  4 kobolds
  2 quokkas
  7 bats
  A frilled lizard (D:2)
  6 rats
71 creatures vanquished.

Notes
Turn   | Place    | Note
-------+----------+-------------------------------------------
     0 | D:1      | fragbeetle the Ogre Warper began the quest for the Orb.
     0 | D:1      | Reached XP level 1. HP: 22/22 MP: 3/3
   280 | D:1      | Reached XP level 2. HP: 25/29 MP: 5/5
   340 | D:1      | Learned a level 2 spell: Blink
   370 | D:1      | Reached skill level 3 in Fighting
   524 | D:1      | Reached XP level 3. HP: 20/37 MP: 6/6
   727 | D:1      | Found a faded altar of an unknown god.
  1109 | D:1      | Found Zilyamo's Distillery.
  1411 | D:2      | Learned a level 3 spell: Gell's Gravitas
  1844 | D:2      | Noticed Sigmund
  2231 | D:3      | Reached XP level 4. HP: 22/46 MP: 7/7
  2617 | D:3      | Noticed a black bear
  2668 | D:3      | Found a hide-covered altar of Uskayaw.
  2832 | D:3      | Reached skill level 4 in Fighting
  2833 | D:3      | Reached XP level 5. HP: 54/54 MP: 1/8
  3003 | D:4      | Found an ancient bone altar of Kikubaaqudgha.
  3180 | D:4      | Found a burning altar of Makhleb.
  3315 | D:4      | Slain by a gnoll shaman

Illustrated notes

Levels and vault maps discovered:
D:1:      ebering_trefoil_3fold, layout_basic, serial_shops,
          nicolae_shop_hallway_stairs, hellmonk_ecumenical_altar_arch_garden,
          grunt_decor_cap
D:2:      layout_loops_cross, uniq_sigmund
D:3:      layout_basic, lemuel_round_altar
D:4:      layout_gridville, kiku_gazebo_pond_becter, general_overflow_altar,
          serial_shops, shop, hangedman_minor_gate_pass

Skill      XL: |  1  2  3  4  5 |
---------------+----------------+-----
Maces & Flails | 2 3 |  3.1
Fighting       | 3 4 |  4.3
Translocations | 3 |  3.5
Throwing       | |  1.0
Dodging        | |  2.7
Spellcasting   | |  2.5

Action                   |  1- 3 |  4- 6 || total
-------------------------+-------+-------++-------
Melee: Mace              |    70 |       ||    70
       Whip              |    89 |    86 ||   175
 Cast: Gell's Gravitas   |       |     5 ||     5
       Blink             |       |     1 ||     1
 Stab: Sleeping          |       |     1 ||     1
Armor: Robe              |    53 |    10 ||    63
Dodge: Dodged            |    78 |    47 ||   125

Table legend: (Time is in decaauts)
 A = Elapsed time spent in this place.
 B = Non-inter-level travel time spent in this place.
 C = Inter-level travel time spent in this place.
 D = Time resting spent in this place.
 E = Time spent auto-exploring this place.
 F = Levels seen in this place.
 G = Mean time per level.
                   A        B        C        D        E       F      G
               +--------+--------+--------+--------+--------+-----+--------+
         Total |   3332 |   3286 |     46 |    704 |   1823 |   4 |  833.0 |
       Dungeon |   3332 |   3286 |     46 |    704 |   1823 |   4 |  833.0 |
               +--------+--------+--------+--------+--------+-----+--------+

Top non-repeatable levels by time:
     D:1: 1508 daAuts
     D:3: 976 daAuts
     D:2: 497 daAuts
     D:4: 349 daAuts
